Map: Inside and Out

Players

PattyMac

  • Race: Protoss Protoss
  • Spawn Location: 1:00

Reynor - Winner!

  • Race: Zerg Zerg
  • League: Master
  • Spawn Location: 7:00

Event: HomeStory Cup XXII

VOD

Have the link to the VOD?

Description

Time

  • Played on: Dec. 16, 2022, 3:26 p.m.
  • Length: 9:46

All games in this series

Show
View Real Time Build Order
Export as new Build Order

PattyMac Protoss 

Build Orders: 1 Gate Expand, Mass Adepts, Zealot Archon 

Get SALT Encoding   

  12  0:00  Probe  
  13  0:14  Pylon  
  13  0:17  Probe (Chrono Boost)  
  14  0:26  Probe (Chrono Boost)  
  15  0:31  Probe (Chrono Boost)  
  16  0:40  Gateway  
  16  0:43  Probe  
  16  0:47  Assimilator  
  17  0:55  Probe  
  18  1:07  Probe  
  19  1:19  Probe  
  20  1:26  Nexus  
  20  1:33  Cybernetics Core  
  20  1:36  Probe  
  21  1:42  Assimilator  
  21  1:49  Probe  
  21  1:52  Pylon  
  22  2:01  Probe (Chrono Boost)  
  23  2:07  Warp Gate (Chrono Boost)  
  23  2:10  Adept  
  23  2:13  Probe (Chrono Boost)  
  26  2:18  Gateway  
  26  2:20  Probe (Chrono Boost)  
  27  2:29  Probe (Chrono Boost)  
  28  2:39  Probe (Chrono Boost)  
  28  2:40  Stalker  
  32  2:45  Probe (Chrono Boost)  
  32  2:47  Probe (Chrono Boost)  
  33  2:52  Probe (Chrono Boost)  
  33  2:53  Probe  
  33  2:56  Gateway  
  35  3:03  Probe  
  36  3:06  Adept, Probe  
  36  3:10  Adept  
  41  3:16  Probe  
  41  3:18  Twilight Council, Probe  
  43  3:26  Robotics Facility  
  43  3:28  Probe  
  43  3:30  Probe  
  43  3:32  Pylon  
  43  3:33  Pylon  
  45  3:40  Probe  
  46  3:44  Assimilator  
  46  3:50  Probe  
  46  3:51  Adept x3, Resonating Glaives (Chrono Boost)  
  53  3:56  Probe  
  54  4:03  Pylon  
  54  4:07  Probe  
  55  4:10  Assimilator  
  55  4:12  Adept x2  
  59  4:18  Probe  
  60  4:26  Adept  
  60  4:27  Probe  
  60  4:30  Probe  
  62  4:33  Warp Prism  
  62  4:34  Dark Shrine  
  62  4:37  Adept  
  66  4:41  Pylon  
  66  4:42  Adept  
  68  4:52  Adept  
  70  4:55  Pylon  
  70  5:02  Adept  
  72  5:07  Adept  
  72  5:13  Nexus  
  74  5:15  Probe  
  74  5:16  Probe  
  74  5:17  Adept  
  74  5:20  Pylon  
  78  5:23  Adept  
  80  5:29  Probe  
  79  5:36  Probe  
  79  5:41  Probe  
  81  5:46  Dark Templar x3  
  81  5:48  Nexus  
  87  5:53  Probe  
  88  5:59  Probe  
  86  6:05  Probe  
  86  6:10  Immortal (Chrono Boost)  
  86  6:11  Probe  
  76  6:15  Nexus  
  76  6:17  Probe  
  73  6:22  Shield Battery  
  73  6:23  Probe  
  73  6:25  Gateway  
  74  6:26  Gateway  
  74  6:28  Dark Templar x2  
  78  6:35  Archon  
  76  6:41  Immortal (Chrono Boost)  
  76  6:42  Probe  
  76  6:43  Probe  
  78  6:48  Shield Battery  
  78  6:50  Sentry  
  80  6:54  Pylon  
  80  7:01  Archon  
  80  7:02  Gateway  
  80  7:03  Gateway  
  78  7:09  Blink (Chrono Boost)  
  78  7:12  Immortal (Chrono Boost)  
  78  7:14  Dark Templar  
  78  7:15  Dark Templar  
  85  7:17  Probe  
  85  7:21  Archon  
  86  7:28  Probe x2  
  88  7:32  Dark Templar x2  
  92  7:38  Probe  
  92  7:40  Archon  
  93  7:44  Stalker  
  93  7:48  Pylon  
  93  7:50  Pylon  
  93  7:51  Observer  
  96  7:52  Stalker x2  
  100  8:06  Pylon  
  100  8:11  Stalker x4  
  108  8:14  Stalker  
  110  8:36  Stalker  
  110  8:40  Stalker x4  
  110  8:41  Stalker x2  
  122  8:54  Probe x2  
  116  8:56  Assimilator  
  116  8:59  Forge  
  116  9:00  Stalker, Assimilator  
  118  9:05  Stalker x5  
  118  9:07  Stalker  
  130  9:10  Pylon  
  95  9:24  Stalker x3  
  95  9:29  Stalker x2  
  97  9:33  Stalker  
Show
View Real Time Build Order
Export as new Build Order

Reynor Zerg - Winner!

Build Orders: Hatch First 

Get SALT Encoding   

  12  0:00  Drone  
  13  0:12  Overlord  
  13  0:16  Drone  
  14  0:30  Drone x2  
  14  0:34  Drone  
  17  0:51  Hatchery  
  17  0:54  Drone  
  17  0:57  Drone  
  18  1:09  Extractor  
  17  1:12  Spawning Pool  
  17  1:15  Drone  
  17  1:18  Drone  
  18  1:27  Drone  
  19  1:38  Drone  
  20  1:48  Overlord  
  20  1:58  Queen  
  22  2:02  Queen  
  22  2:03  Zergling x4  
  26  2:10  Drone  
  26  2:12  Metabolic Boost  
  26  2:14  Drone  
  28  2:22  Drone  
  29  2:24  Drone  
  30  2:34  Hatchery  
  30  2:36  Drone  
  30  2:38  Drone  
  31  2:45  Drone  
  31  2:46  Overlord  
  32  2:51  Queen  
  32  2:55  Drone  
  32  2:56  Drone  
  36  3:05  Drone  
  37  3:07  Drone x3  
  37  3:08  Overlord  
  40  3:15  Queen  
  40  3:17  Drone  
  40  3:18  Drone  
  44  3:27  Queen, Drone  
  44  3:28  Drone  
  48  3:37  Overlord  
  48  3:40  Zergling x8  
  52  3:45  Queen  
  52  3:46  Zergling x2  
  55  3:50  Zergling x2  
  55  3:53  Zergling x2  
  57  3:56  Queen  
  57  3:58  Zergling x2  
  61  4:02  Zergling x2  
  61  4:03  Zergling x6  
  61  4:05  Overlord  
  64  4:13  Drone  
  64  4:14  Baneling Nest  
  64  4:17  Drone x2  
  64  4:19  Overlord  
  65  4:26  Zergling x2  
  65  4:27  Queen  
  65  4:28  Zergling x4  
  65  4:29  Zergling x2  
  69  4:35  Overlord  
  69  4:39  Spine Crawler, Overlord  
  69  4:44  Zergling x2  
  69  4:45  Zergling x6  
  72  4:48  Zergling x4  
  74  4:56  Spore Crawler x2, Drone x2  
  74  4:58  Drone  
  75  5:03  Baneling x2  
  75  5:04  Baneling x2  
  74  5:07  Drone x3  
  74  5:08  Drone  
  74  5:11  Baneling x3, Drone  
  74  5:13  Drone  
  78  5:18  Zergling x4, Evolution Chamber  
  79  5:23  Zergling x6  
  79  5:27  Overlord  
  81  5:34  Drone x5  
  86  5:36  Zergling x2  
  86  5:37  Zergling x2  
  86  5:42  Spore Crawler  
  86  5:43  Drone x2  
  86  5:45  Zerg Melee Weapons Level 1, Extractor  
  87  5:51  Drone  
  87  5:52  Drone x4  
  87  5:55  Overlord  
  90  6:09  Zergling x6  
  85  6:14  Zergling x6, Queen  
  85  6:16  Zergling x2  
  85  6:17  Zergling x2  
  87  6:21  Spore Crawler, Overlord  
  87  6:25  Zergling x6  
  89  6:27  Zergling x2  
  90  6:35  Overlord  
  88  6:40  Lair  
  88  6:50  Drone x3, Hatchery, Extractor  
  88  6:51  Extractor  
  88  6:53  Roach Warren  
  88  6:54  Drone  
  88  7:00  Drone  
  89  7:05  Drone  
  89  7:09  Drone  
  89  7:16  Drone  
  89  7:21  Drone  
  89  7:22  Drone x3  
  94  7:26  Overlord  
  94  7:28  Hatchery  
  93  7:30  Drone  
  93  7:32  Drone x3  
  96  7:38  Baneling Nest  
  96  7:39  Drone  
  96  7:40  Glial Reconstitution  
  96  7:41  Drone  
  97  7:50  Roach  
  103  7:51  Roach x3  
  103  7:55  Roach  
  107  7:59  Overlord  
  107  8:00  Overlord  
  107  8:01  Centrifugal Hooks  
  107  8:04  Roach x3  
  107  8:05  Extractor  
  112  8:10  Roach  
  112  8:12  Overlord  
  114  8:15  Roach  
  114  8:19  Ravager x3  
  119  8:21  Zergling x4, Roach x2  
  122  8:29  Zergling x6, Roach x2  
  122  8:33  Zergling x2  
  130  8:36  Queen, Ravager  
  130  8:39  Overlord  
  130  8:40  Overlord  
  137  8:41  Zergling x2, Roach x3  
  137  8:46  Ravager  
  137  8:48  Zergling x10  
  144  8:49  Zergling x2  
  144  8:51  Zergling x2  
  144  8:53  Zergling x2  
  139  8:59  Baneling x5  
  139  9:01  Zergling x4  
  139  9:02  Ravager  
  142  9:03  Roach  
  142  9:04  Roach  
  142  9:09  Zergling x8  
  150  9:12  Baneling x5  
  150  9:15  Zergling x6  
  150  9:18  Zergling x2  
  150  9:22  Zergling x2  
  140  9:29  Zergling x2  
Tags
 
Add a new tag
Caveats
  • Supply blocks, unpowered buildings, or Contaminate may cause inaccurate times.
  • Supply counts are checked every 10 seconds.